 Dungeon Crawl Stone Soup version 0.31.0-1-g2c135a008e (webtiles) character file.

Game seed: 12056291328358646219

38 qw the Shooter (level 3, 0/29 HPs)
             Began as a Djinni Hunter on Jan 24, 2024.
             Slain by a gnoll
             ... wielding a +0 whip
              (6 damage)
             ... on level 2 of the Dungeon.
             The game lasted 00:00:03 (616 turns).

qw the Shooter (Djinni Hunter)                       Turns: 616, Time: 00:00:04

Health: 0/29       AC:  5    Str: 10    XL:     3   Next: 65%
Gold:   84         EV: 11    Int: 10    God:
                   SH:  0    Dex: 18

rFire   + + .        a - +2 shortbow
rCold   x . .        (shield currently unavailable)
rNeg    . . .        g - +0 ring mail
rPois   inf          (no helmet)
rElec   .            (no cloak)
rCorr   .            (no gloves)
SInv    .            (boots unavailable)
Will    .....        (no amulet)
Stlth   +            (no ring)
HPRegen 0.24/turn    (no ring)
MPRegen 0.00/turn

%: infuse magic (-1 HP)
@: flying
A: sickness immunity, fire resistance 2, cold vulnerability 1, float, innate
caster, HP casting, extra vitality 1
a: no special abilities


You were on level 2 of the Dungeon.
You visited 1 branch of the dungeon, and saw 2 of its levels.

You collected 84 gold pieces.


Innate Abilities, Weirdness & Mutations

You are immune to sickness and miasma.
You are immune to poison.
Your flesh is very heat resistant. (rF++)
You are vulnerable to cold. (rC-)
You float through the air rather than walking.
You learn spells naturally, not from books.
Your magical power is your life essence.
You have superior vitality. (+4 MHP)


   Skills:
 - Level 2.4 Fighting
 - Level 4.0 Ranged Weapons
 + Level 0.5 Armour
 - Level 2.1 Dodging
 - Level 0.7 Stealth


You knew the following spells:

 Your Spells              Type           Power      Damage    Failure   Level
a - Apportation           Tloc           0%         N/A       69%         1
Your spell library was empty.

Inventory:

Hand Weapons
 a - a +2 shortbow (weapon)
Armour
 g - a +0 ring mail (worn)
Potions
 e - a potion of haste

Dungeon Overview and Level Annotations

Branches:
Dungeon (2/15)

Altars:


Message History

Found 15 gold pieces.
The gnoll shouts!
You hear a shout!
You shoot an arrow. The arrow hits the gnoll.
The gnoll is moderately wounded.
A gnoll comes into view. It is wielding a +2 whip of freezing.
You shoot an arrow. The arrow hits the gnoll.
The gnoll is heavily wounded.
You shoot an arrow. The arrow barely misses the gnoll.
A gnoll comes into view. It is wielding a +0 spear.
The gnoll hits you with a +0 club.
607 ||| RETREEEEATING.
The gnoll attacks as it pursues you! The gnoll hits you with a +0 club.
608 ||| RETREEEEATING.
609 ||| RETREEEEATING.
The gnoll attacks as it pursues you! The gnoll barely misses you.
610 ||| RETREEEEATING.
The gnoll attacks as it pursues you! The gnoll hits you with a +0 club.
There is an open door here.
611 ||| RETREEEEATING. 2 gnolls come into view.
The gnoll shouts!
You shoot an arrow. The arrow barely misses the gnoll.
The gnoll closely misses you. The gnoll barely misses you.
You shoot an arrow. The arrow closely misses the gnoll.
The arrow barely misses the gnoll.
The gnoll hits you with a +0 club.
You shoot an arrow. The arrow barely misses the gnoll.
The arrow hits the gnoll but does no damage.
The gnoll misses you.
The gnoll hits you from afar with a +0 spear.
You shoot an arrow. The arrow hits the gnoll.
The gnoll is heavily wounded.
The gnoll barely misses you.
A bat comes into view.
The gnoll closely misses you. The gnoll barely misses you.
The gnoll hits you with a +0 club! The gnoll closely misses you.
You shoot an arrow. The arrow hits the gnoll.
The gnoll is severely wounded.
The gnoll hits you with a +0 whip.
You die...

..#.. #. #...#..
####.).#$ ........
##...## ##.....##
##.......## #..
#........g####..>..
+........gg@ggb....
#.........####.....
##.......## ...
##.....## . ##...##
##'## #.# #.# ##.##


You could see 5 gnolls and a bat.

Vanquished Creatures
  2 dart slugs
  6 bats (D:1)
  6 endoplasms
  2 giant cockroaches (D:1)
  5 goblins (D:1)
  A hobgoblin (D:1)
  2 ball pythons (D:1)
  3 frilled lizards (D:1)
  A kobold (D:2)
  4 rats
32 creatures vanquished.

Notes
Turn   | Place    | Note
-------+----------+-------------------------------------------
     0 | D:1      | qw the Djinni Hunter began the quest for the Orb.
     0 | D:1      | Reached XP level 1. HP: 18/18 MP: 0/0
     0 | D:1      | 0 ||| qw: Version: 0.3-a-136-gdd3b4e8
     0 | D:1      | 0 ||| qw: Game counter: 1279
     0 | D:1      | 0 ||| qw: Melee chars always use a shield: true
     0 | D:1      | 0 ||| qw: God list: Okawaru
     0 | D:1      | 0 ||| qw: Allow faded altars: false
     0 | D:1      | 0 ||| qw: Do Orc after clearing Dungeon:15 true
     0 | D:1      | 0 ||| qw: Do second Lair branch before Depths: true
     0 | D:1      | 0 ||| qw: Lair rune preference: random
     0 | D:1      | 0 ||| qw: Goals: Normal
     0 | D:1      | 0 ||| PLANNING D:1-11
    61 | D:1      | Reached XP level 2. HP: 23/23 MP: 0/0
   164 | D:1      | Found a faded altar of an unknown god.
   199 | D:1      | Reached XP level 3. HP: 28/28 MP: 0/0
   199 | D:1      | Learned a level 1 spell: Apportation
   200 | D:1      | Reached skill level 4 in Ranged Weapons
   530 | D:1      | 530 ||| UPGRADING to +0 ring mail.
   540 | D:1      | 540 ||| DROPPING +0 leather armour.
   541 | D:1      | 541 ||| READING scroll labelled UWUFOLO ARUK.
   541 | D:1      | 541 ||| IDENTIFYING fuming pink potion
   542 | D:1      | 542 ||| READING 2 scrolls labelled WOUBRI IBITIAR.
   542 | D:1      | 542 ||| ENCHANTING +0 shortbow.
   543 | D:1      | 543 ||| READING scroll of enchant weapon.
   543 | D:1      | 543 ||| ENCHANTING +1 shortbow.
   544 | D:1      | 544 ||| READING scroll labelled WOKORCHIORPH.
   545 | D:1      | 545 ||| READING scroll labelled TILAMYCYERGH.
   546 | D:1      | 546 ||| READING scroll labelled GUVECER OXU.
   550 | D:1      | 550 ||| DRINKING 2 ruby potions.
   551 | D:1      | 551 ||| DROPPING scroll of butterflies.
   552 | D:1      | 552 ||| DROPPING potion of degeneration.
   607 | D:2      | 607 ||| RETREEEEATING.
   608 | D:2      | 608 ||| RETREEEEATING.
   609 | D:2      | 609 ||| RETREEEEATING.
   610 | D:2      | 610 ||| RETREEEEATING.
   611 | D:2      | 611 ||| RETREEEEATING.
   615 | D:2      | HP: 6/29 [gnoll/+0 club (7)]
   616 | D:2      | Slain by a gnoll

Levels and vault maps discovered:
D:1:      eino_arrival_water_star, layout_rooms,
          shapermc_ecumenical_altar_mp_urbaneastern, st_stairs_2,
          grunt_decor_junction, minmay_octomino_c4
D:2:      layout_loops_corners, kennysheep_generic_room_8

Skill      XL: |  1  2  3 |
---------------+----------+-----
Ranged Weapons | 4 |  4.0
Fighting       | |  2.4
Armour         | |  0.5
Dodging        | |  2.1
Stealth        | |  0.7

Action                     || total
---------------------------++-------
   Fire: Shortbow          ||    73
    Use: Scroll            ||     6
         Potion            ||     1
 Armour: Leather armour    ||     6
         Ring mail         ||     7
  Dodge: Dodged            ||    17

Table legend:
 A = Non-vault XP
 B = Vault XP
 C = Vault XP percentage of total XP
 D = Non-vault monster count
 E = Vault monster count
 F = Vault count percentage of total count
                 A         B        C        D         E       F
            +---------+---------+-------+---------+---------+-------
      Total |      37 |      18 |  32.7 |      22 |      10 |  31.2
            +---------+---------+-------+---------+---------+-------
        D:1 |      29 |      18 |  38.3 |      18 |      10 |  35.7
        D:2 |       8 |       0 |   0.0 |       4 |       0 |   0.0
            +---------+---------+-------+---------+---------+-------
